 Dungeon Crawl Stone Soup version 0.18-a0-1088-g34ef3a2 (webtiles) character file.

142 namelastname112 the Ducker (level 5, -1/41 HPs)
             Began as a Draconian Wizard on Jan 16, 2016.
             Slain by Robin
             ... wielding a +0 spear
              (4 damage)
             ... on level 3 of the Dungeon.
             The game lasted 00:04:22 (2356 turns).

namelastname112 the Ducker (Draconian Wizard)       Turns: 2356, Time: 00:04:22

Health: -1/41      AC:  5    Str:  9    XL:     5   Next: 3%
Magic:  9/9        EV: 13    Int: 18    God:
Gold:   92         SH:  0    Dex: 11    Spells: 1 memorised, 9 levels left

rFire  . . .     SeeInvis .       - Unarmed
rCold  . . .     Gourm    .     (armour unavailable)
rNeg   + . .     Faith    .     (no shield)
rPois  .         Spirit   .     a - +0 hat
rElec  .         Dismiss  .     (no cloak)
rCorr  .         Reflect  .     (no gloves)
SustAt .         Harm     .     (no boots)
MR     .....     Rnd*Tele +     (no amulet)
Stlth  ++........               o - ring of teleportation (curse)
                                f - ring of positive energy

@: not resistant to hostile enchantments, unstealthy
A: unfitting armour, cold-blooded, AC +5
a: Evoke Teleportation


You were on level 3 of the Dungeon.
You were not hungry.

You visited 1 branch of the dungeon, and saw 3 of its levels.

You collected 92 gold pieces.

Inventory:

Armour
 a - a +0 hat (worn)
Jewellery
 f - a ring of positive energy (left hand)
 o - a cursed ring of teleportation (right hand)
Scrolls
 d - 2 scrolls of blinking {unknown}
 e - a scroll of amnesia {unknown}
 j - a scroll of fog {unknown}
 k - 3 scrolls of remove curse {unknown}
 m - a scroll of magic mapping {unknown}
 n - a scroll of enchant weapon {unknown}
 p - a scroll of identify {unknown}
 q - a scroll of noise {unknown}
 s - a scroll of immolation {unknown}
 t - a scroll of teleportation {unknown}
Potions
 g - a potion of flight {unknown}
 h - a potion of cure mutation
 i - a potion of brilliance {unknown}
Books
 b - a book of Minor Magic

   Spells                             Type                      Level
   a - Magic Dart                     Conjuration                  1
   b - Blink                          Translocation                2
   c - Call Imp                       Summoning                    2
   d - Repel Missiles                 Charms/Air                   2
   e - Slow                           Hexes                        2
   f - Conjure Flame                  Conjuration/Fire             3
   g - Mephitic Cloud                 Conjuration/Poison/Air       3
Comestibles
 c - 2 bread rations
 l - a beef jerky


   Skills:
 + Level 2.0 Fighting
 + Level 3.1 Dodging
 - Level 1.7 Stealth
 * Level 3.1 Unarmed Combat
 - Level 3.0 Spellcasting
 - Level 1.0 Conjurations
   Level 1.0 Summonings
   Level 1.0 Translocations


You had 9 spell levels left.
You knew the following spells:

 Your Spells              Type           Power        Failure   Level  Hunger
z - Magic Dart            Conj           #...         12%         1    None


Dungeon Overview and Level Annotations

Branches:
Dungeon (3/15)

Altars:
Elyvilon

Annotations:
D:3 Robin


Innate Abilities, Weirdness & Mutations

Your plain brown scales are hard (AC +5).
Your body does not fit into most forms of armour.
You are cold-blooded and may be slowed by cold attacks.


Message History

You barely miss the orc.
The orc is heavily wounded.
The orc hits you but does no damage. The goblin hits you but does no damage.
Robin barely misses you.
You hit the orc.
The orc is severely wounded.
The hobgoblin barely misses you. The orc barely misses you.
The goblin completely misses you. Robin closely misses you.
You barely miss the orc.
The orc is severely wounded.
The hobgoblin hits you.
* * * LOW HITPOINT WARNING * * *
The orc closely misses you. Robin hits you from afar with a spear.
* * * LOW HITPOINT WARNING * * *
The goblin hits you with a club.
* * * LOW HITPOINT WARNING * * *
Drink which item? (? for menu, Esc to quit)
It was a potion of cure mutation.
It has a very clean taste.
The hobgoblin closely misses you. Robin hits you from afar with a spear.
You die...

......g### .##
....#..####..#
..>..g.....#.#
......<.......
....#.#####.....
##..#...## ....
#.......#.##..###
#....>....##..og#
#...##.#####.##@#
#..###.......##g# ####
#..#<....##(..gg##.....
#....#####....)........
##........[............
#...####...............
#...# #................
#...##.................
#####..................


You could see Robin, an orc, 2 hobgoblins and a goblin (frenzied).

Vanquished Creatures
  6 adders
  A worm (D:2)
  A giant gecko (D:1)
  5 orcs
  A ball python (D:2)
  4 giant cockroaches
  15 goblins
  7 hobgoblins
  4 jackals (D:2)
  10 bats
  5 giant newts
  9 kobolds
  8 rats
76 creatures vanquished.

Notes
Turn   | Place    | Note
--------------------------------------------------------------
     0 | D:1      | namelastname112 the Draconian Wizard began the quest for the Orb.
     0 | D:1      | Reached XP level 1. HP: 14/14 MP: 4/4
   189 | D:1      | Reached skill level 1 in Unarmed Combat
   230 | D:1      | Reached XP level 2. HP: 19/22 MP: 1/6
   633 | D:2      | Reached skill level 1 in Fighting
   639 | D:2      | Reached XP level 3. HP: 24/28 MP: 0/7
  1056 | D:2      | Found a white marble altar of Elyvilon.
  1288 | D:2      | Reached XP level 4. HP: 26/35 MP: 2/8
  1648 | D:3      | Noticed Robin
  2185 | D:2      | Reached XP level 5. HP: 27/41 MP: 7/9
  2356 | D:3      | Slain by Robin

Vault maps used:
D:1:      dpeg_arrival_rooms_c
D:2:      elyvilon_altar_3
D:3:      first_bread, uniq_robin, uniq_crazy_yiuf_cottage

Action                   |  1- 3 |  4- 6 || total
-------------------------+-------+-------++-------
Melee: Unarmed           |   156 |    89 ||   245
 Cast: Magic Dart        |    53 |    44 ||    97
  Use: Potion            |       |     1 ||     1
 Stab: Sleeping          |     1 |       ||     1
  Eat: Chunk             |     1 |     4 ||     5
